 Dungeon Crawl Stone Soup version 0.26-a0-665-gefeb406119 (webtiles) character file.

Game seed: 12458687736483792845

210 Descartes the Covert (level 5, -4/24 HPs)
             Began as a Felid Delver on Oct 14, 2020.
             Slain by a gnoll
             ... wielding a +0 flail
              (5 damage)
             ... on level 4 of the Dungeon.
             The game lasted 00:07:27 (4629 turns).

Descartes the Covert (Felid Delver)                 Turns: 4629, Time: 00:07:28

Health: -4/24      AC:  5    Str:  9    XL:     5   Next: 56%
Magic:  6/6        EV: 19    Int: 12    God:
Gold:   224        SH:  0    Dex: 17    Spells: 4/4 levels left
                                        Lives:  0   Deaths: 1

rFire    . . .     SeeInvis +     - Unarmed
rCold    . . .     Faith    .   (shield unavailable)
rNeg     . . .     Spirit   .   (armour unavailable)
rPois    .         Reflect  .   (helmet unavailable)
rElec    .         Harm     .   (cloak unavailable)
rCorr    +         Rampage  .   (gloves unavailable)
MR       .....                  (boots unavailable)
Stlth    +++++.....             (no amulet)
HPRegen  0.08/turn              l - ring of resist corrosion
MPRegen  0.10/turn              j - +4 ring of protection

@: quick
A: very small, no armour, no weapons or thrown items, stealth, claws 1, fangs 3,
see invisible, speed 1, shaggy fur 1, sharp paws
a: no special abilities


You were on level 4 of the Dungeon.
You visited 1 branch of the dungeon, and saw 5 of its levels.

You collected 224 gold pieces.

Inventory:

Missiles
 s - 78 arrows
 t - 140 stones
Jewellery
 i - an uncursed ring of wizardry
 j - a +4 ring of protection (right paw)
 l - a ring of resist corrosion (left paw)
 m - a +6 ring of dexterity {unknown}
 u - an uncursed amulet of the acrobat {unknown}
Wands
 e - a wand of digging (3)
Scrolls
 a - 2 scrolls of fog
 b - a scroll of magic mapping
 c - 2 scrolls of fear
 f - 4 scrolls of immolation {unknown}
 k - 2 scrolls of teleportation {unknown}
 o - 3 scrolls of identify {unknown}
 r - a scroll of enchant armour {unknown}
 w - 3 scrolls of remove curse {unknown}
 x - 3 scrolls of enchant weapon {unknown}
Potions
 d - a potion of haste
 g - 5 potions of curing
 h - a potion of degeneration {unknown}
 n - a potion of mutation {unknown}
 p - a potion of might {unknown}
 q - 2 potions of heal wounds {unknown}
 v - a potion of stabbing {unknown}


   Skills:
 - Level 3.0 Fighting
 + Level 3.5 Dodging
 + Level 10.3 Stealth
 + Level 2.6 Unarmed Combat


You had 4 spell levels left.
You didn't know any spells.
Your spell library was empty.

Dungeon Overview and Level Annotations

Branches:
Dungeon (5/15)
 Temple: D:4-7

Altars:
Makhleb
Xom


Innate Abilities, Weirdness & Mutations

You cannot wear armour.
You are incapable of wielding weapons or throwing items.
Your paws allow you to move quietly. (Stealth)
You have sharp claws.
You have razor-sharp teeth.
You have supernaturally acute eyesight. (SInv)
You cover ground quickly.
You are covered in fur. (AC +1)
Your sharp claws are effective at attacking unaware monsters.


Message History

You barely miss the gnoll. The gnoll misses you.
You scratch the gnoll.
The gnoll is heavily wounded.
The gnoll misses you.
You barely miss the gnoll.
The gnoll is heavily wounded.
The gnoll closely misses you. The gnoll misses you.
You barely miss the gnoll.
The gnoll is heavily wounded.
The gnoll closely misses you.
You scratch the gnoll.
The gnoll is severely wounded.
The gnoll hits you with a +0 flail!
Ouch! That really hurt!
* * * LOW HITPOINT WARNING * * *
The gnoll misses you.
You scratch the gnoll.
The gnoll is moderately wounded.
The gnoll hits you with a +0 flail.
You die...

##.... #.# #........ #.....
#.. #####........ #..... #.#
##............
#.....####.####.##.###.###....
#........#......##.# #.# #....
#............# #.# #.###....
#......#.#<#.# #.# #...+....
#......#.##..#####.# #####....
#......#.....@g....# #....
####.#.####...g...## #####
#.#..[.........# ####
#.#.####.......# #...
#.######.......## #†##
............# #.#
#####.......# #.# #......[#
#.## #.......# #...


You could see 2 gnolls.

Vanquished Creatures
  A howler monkey (D:4)
  A crimson imp (D:3)
  5 gnolls (D:4)
  4 adders
  2 oozes
  2 worms
  A dart slug (D:2)
  9 orcs
  5 bats
  4 giant cockroaches
  7 goblins
  8 hobgoblins
  4 jackals (D:2)
  3 frilled lizards
  6 kobolds
  A leopard gecko skeleton (D:4)
  4 rats
67 creatures vanquished.

Vanquished Creatures (others)
  A scorpion (D:4)
1 creature vanquished.

Grand Total: 68 creatures vanquished

Notes
Turn   | Place    | Note
-------+----------+-------------------------------------------
     0 | D:5      | Descartes the Felid Delver began the quest for the Orb.
     0 | D:5      | Reached XP level 1. HP: 10/10 MP: 2/2
    59 | D:4      | Reached skill level 7 in Stealth
    59 | D:4      | Reached XP level 2. HP: 14/14 MP: 3/3
   358 | D:3      | Found a shimmering altar of Xom.
   358 | D:3      | Noticed a crimson imp
   359 | D:3      | Found a burning altar of Makhleb.
   361 | D:3      | Killed a crimson imp
   361 | D:3      | Reached skill level 8 in Stealth
   361 | D:3      | Reached XP level 3. HP: 17/17 MP: 4/4
   629 | D:2      | Reached XP level 4. HP: 21/21 MP: 5/5
   783 | D:1      | Reached skill level 9 in Stealth
  2076 | D:2      | Reached XP level 5. HP: 14/24 MP: 6/6
  2662 | D:4      | Noticed an ogre
  2676 | D:4      | Slain by an ogre
  2677 | D:4      | Reached XP level 4. HP: -1/21 MP: 5/5
  2718 | D:3      | HP: 1/21 [poisoned by a scorpion]
  2971 | D:4      | Reached skill level 10 in Stealth
  3778 | D:4      | Reached XP level 5. HP: 24/24 MP: 6/6
  4628 | D:4      | HP: 1/24 [gnoll/+0 flail (16)]
  4629 | D:4      | Slain by a gnoll

Illustrated notes

Levels and vault maps discovered:
D:1:      dpeg_arrival_boxorama, layout_basic
D:2:      layout_basic
D:3:      layout_loops_ring, grunt_temple_overflow_champion_of_chaos
D:4:      layout_basic
D:5:      layout_rooms, eat_drink_and_be_merry_uskayaw, serial_shops,
          nicolae_shop_window_shopping, tgw_xom

Skill      XL: |  1  2  3  4 |
---------------+-------------+-----
Stealth        | 7 8 10 | 10.3
Dodging        | 3 |  3.5
Fighting       | |  3.0
Unarmed Combat | |  2.6

Action                   |  1- 3 |  4- 6 || total
-------------------------+-------+-------++-------
Melee: Unarmed           |    36 |   230 ||   266
       Bite              |     3 |    23 ||    26
       Punch             |       |     4 ||     4
  Use: Potion            |       |     1 ||     1
 Stab: Sleeping          |    12 |    16 ||    28
       Distracted        |       |     1 ||     1
Armor: Skin              |       |    25 ||    25
Dodge: Dodged            |    17 |   173 ||   190

Table legend: (Time is in decaauts)
 A = Elapsed time spent in this place.
 B = Non-inter-level travel time spent in this place.
 C = Inter-level travel time spent in this place.
 D = Time resting spent in this place.
 E = Time spent auto-exploring this place.
 F = Levels seen in this place.
 G = Mean time per level.
                   A        B        C        D        E       F      G
               +--------+--------+--------+--------+--------+-----+--------+
         Total |   4100 |   3999 |    101 |    613 |   2567 |   5 |  820.0 |
       Dungeon |   4100 |   3999 |    101 |    613 |   2567 |   5 |  820.0 |
               +--------+--------+--------+--------+--------+-----+--------+

Top non-repeatable levels by time:
     D:3: 1915 daAuts
     D:2: 831 daAuts
     D:4: 754 daAuts
     D:1: 595 daAuts
     D:5: 4 daAuts
